 Dungeon Sprint DCSS version 0.30-a0-34-gbe8da3892a (webtiles) character file.

Game seed: 1258299768289360512

43 mhtbhm the Firebug (level 3, -2/19 HPs)
             Began as a Deep Elf Fire Elementalist on Aug 27, 2022.
             Slain by a human (8 damage)
             ... in the Dungeon (Sprint III: "The Ten Rune Challenge").
             The game lasted 00:00:32 (183 turns).

mhtbhm the Firebug (Deep Elf Fire Elementalist)      Turns: 183, Time: 00:00:33

Health: -2/19      AC:  2    Str:  5    XL:     3   Next: 37%
Magic:  0/11       EV: 13    Int: 21    God:
Gold:   12         SH:  0    Dex: 15    Spells: 3/12 levels left

rFire   . . .      SeeInvis .    (no weapon)
rCold   . . .      Faith    .    (no shield)
rNeg    . . .      Spirit   .    a - +0 robe
rPois   .          Reflect  .    (no helmet)
rElec   .          Harm     .    (no cloak)
rCorr   .          Rampage  .    (no gloves)
Will    .....      NoTele   +    (no boots)
Stlth   ++........               (no amulet)
HPRegen 0.06/turn                (no ring)
MPRegen 0.12/turn                (no ring)

@: no status effects
A: no striking features
a: no special abilities


You were in the Dungeon.
You visited 1 branch You collected 12 gold pieces.

Inventory:

Armour
 a - a +0 robe (worn)
Scrolls
 g - a scroll of blinking
Potions
 b - 3 potions of magic
 c - a potion of curing
 d - a potion of heal wounds
 e - a potion of haste
 f - a potion of berserk rage


   Skills:
 + Level 3.5 Dodging
 + Level 3.5 Stealth
 + Level 5.1 Spellcasting
 + Level 1.9 Conjurations
 + Level 6.3 Fire Magic


You had 3 spell levels left.
You knew the following spells:

 Your Spells              Type           Power      Damage    Failure   Level
a - Foxfire               Conj/Fire      88%        2x1d8     1%          1
b - Scorch                Fire           62%        2d8       1%          2
c - Conjure Flame         Conj/Fire      22%        6-21      6%          3
d - Inner Flame           Hex/Fire       18%        N/A       9%          3

Your spell library contained the following spells:

 Spells                   Type           Power      Damage    Failure   Level
 Flame Wave               Conj/Fire      22%        2d8       21%         4


Dungeon Overview and Level Annotations

Branches:
Dungeon (1/1)

Altars:


Message History

A wolf comes into view.
The human shouts!
The wolf howls!
Casting: Foxfire (safe; 2% risk of failure)
Confirm with . or Enter, or press ? or * to list all spells.
Flames lash the human.
The human is lightly wounded.
The human's fire resistance burns away.
The wolf closely misses you.
Casting: Scorch (safe; 1% risk of failure)
Confirm with . or Enter, or press ? or * to list all spells.
Flames lash the wolf.
You kill the wolf!
Your Spellcasting skill increases to level 5!
Your Fire Magic skill increases to level 6!
Unknown command.
Casting: Scorch (safe; 1% risk of failure)
Confirm with . or Enter, or press ? or * to list all spells.
Flames lash the human.
The human is burned terribly!
The human is moderately wounded.
The human barely misses you.
Casting: Scorch (safe; 1% risk of failure)
Confirm with . or Enter, or press ? or * to list all spells.
Flames lash the human.
The human is burned terribly!
The human is heavily wounded.
The human closely misses you.
Casting: Scorch (safe; 1% risk of failure)
Confirm with . or Enter, or press ? or * to list all spells.
Flames lash the human.
The human is burned terribly!
The human is severely wounded.
The human hits you!
Casting: Scorch (safe; 1% risk of failure)
Confirm with . or Enter, or press ? or * to list all spells.
You conjure some foxfire!
The human misses you.
Your foxfire dissipates!
The foxfire hits the human.
The human is burned terribly!
The human is almost dead.
Casting: Foxfire (safe; 1% risk of failure)
Confirm with . or Enter, or press ? or * to list all spells.
You conjure some foxfire!
The human hits you. The human attacks as you move away! The human hits you!
You die...

▓...#......##
▓..##...)...# .#
▓##.##.##...# .#
##.##.###..# ..#
▓#.####.##..# ...+
▓.###..##..##
#...# ▓#.....##..#
#....#
###..##.v.##.....#
##..##..v@#.†....#
#..###..##p#.....#
#..# #.. ####....#
▓▓▓▓ ▓▓▓ ▓▓▓▓▓


You could see a human (combustible, ally target).

Vanquished Creatures
  Jessica (D)
  A wolf (D)
  2 endoplasms (D)
  A rat (D)
5 creatures vanquished.

Vanquished Creatures (others)
  16 foxfires (D)
16 creatures vanquished.

Grand Total: 21 creatures vanquished

Notes
Turn   | Place    | Note
-------+----------+-------------------------------------------
     0 | D        | mhtbhm the Deep Elf Fire Elementalist began the quest for
                  | the Orb.
     0 | D        | Reached XP level 1. HP: 10/10 MP: 6/6
    13 | D        | Reached skill level 4 in Fire Magic
    56 | D        | Noticed Jessica
    62 | D        | Killed Jessica
    63 | D        | Reached skill level 5 in Fire Magic
    63 | D        | Reached XP level 2. HP: 15/15 MP: 2/9
    63 | D        | Reached XP level 3. HP: 19/19 MP: 2/11
   164 | D        | Learned a level 2 spell: Scorch
   168 | D        | Learned a level 3 spell: Conjure Flame
   172 | D        | Learned a level 3 spell: Inner Flame
   176 | D        | Reached skill level 5 in Spellcasting
   176 | D        | Reached skill level 6 in Fire Magic
   183 | D        | Slain by a human

Illustrated notes

Levels and vault maps discovered:
D:        dungeon_sprint_mu [sprint_mu_entry_cave, sprint_mu_temple_rooms,
          sprint_mu_d1_horrors, sprint_mu_d2_genie, sprint_mu_d3_branching,
          sprint_mu_orc_legion, sprint_mu_elf_gauntlet, sprint_mu_hive_nellie,
          sprint_mu_lair_fedhas, sprint_mu_vaults_butterflies,
          sprint_mu_slime_circle, sprint_mu_swamp_cave, sprint_mu_snake_twists,
          sprint_mu_blade_basic, sprint_mu_crypt_lich, sprint_mu_tomb_spiral,
          sprint_mu_vestibule_basic, sprint_mu_gehenna_hellfire,
          sprint_mu_dis_giant, sprint_mu_tartarus_statrot,
          sprint_mu_cocytus_islands, sprint_mu_zot1]

Skill      XL: |  1  2  3 |
---------------+----------+-----
Fire Magic     | 5 6 |  6.3
Dodging        | 3 |  3.5
Stealth        | 3 |  3.5
Spellcasting   | 4 5 |  5.1
Conjurations   | |  1.9

Action                   || total
-------------------------++-------
 Cast: Foxfire           ||    12
       Scorch            ||     5
Dodge: Dodged            ||     5

Table legend: (Time is in decaauts)
 A = Elapsed time spent in this place.
 B = Non-inter-level travel time spent in this place.
 C = Inter-level travel time spent in this place.
 D = Time resting spent in this place.
 E = Time spent auto-exploring this place.
 F = Levels seen in this place.
 G = Mean time per level.
                   A        B        C        D        E       F      G
               +--------+--------+--------+--------+--------+-----+--------+
         Total |    183 |    183 |      0 |     10 |    111 |   1 |  183.0 |
       Dungeon |    183 |    183 |      0 |     10 |    111 |   1 |  183.0 |
               +--------+--------+--------+--------+--------+-----+--------+

Top non-repeatable levels by time:
       D: 183 daAuts
